 Dungeon Crawl Stone Soup version 0.13.0-19-g8e0b589 (webtiles) character file.

235 Malachi the Skirmisher (level 4, 0/36 HPs)
             Began as a Vampire Fighter on Oct 25, 2013.
             Slain by a gnoll
             ... wielding a +0,+0 spear
              (9 damage)
             ... on Level 2 of the Dungeon.
             The game lasted 00:04:22 (1759 turns).

Malachi the Skirmisher (Vampire Fighter)            Turns: 1759, Time: 00:04:23

HP   0/36        AC  0     Str 11      XL: 4   Next: 42%
MP   2/4         EV 17     Int 10      God:
Gold 138         SH  0     Dex 18      Spells:  0 memorised,  3 levels left

Res.Fire  : . . .   See Invis. : +   a - melded +1,+0 hand axe {=f}
Res.Cold  : . . .   Warding    : .   b - melded +0 scale mail
Life Prot.: + . .   Conserve   : .   c - melded +0 shield (curse)
Res.Poison: .       Res.Corr.  : .   (helmet currently unavailable)
Res.Elec. : .       Clarity    : .   (cloak currently unavailable)
Sust.Abil.: . .     Spirit.Shd : .   f - melded +0 pair of gloves
Res.Mut.  : .       Stasis     : .   (boots currently unavailable)
Res.Rott. : .       Flight     : +   (no amulet)
Saprovore : . . .                    (ring currently unavailable)
                                     j - melded ring of wizardry

@: bat-form, flying, very quick, slightly resistant to hostile enchantments,
fairly stealthy
A: (fangs 0), see invisible, (unbreathing)
a: End Transformation


You were on level 2 of the Dungeon.
You were not thirsty.
You were in vampire bat-form.
You visited 1 branch of the dungeon, and saw 3 of its levels.

You collected 118 gold pieces.

Inventory:

Hand weapons
 a - a +1,+0 hand axe (melded) {=f}
Missiles
 l - 48 bolts
Armour
 b - a +0 scale mail (melded)
 c - a cursed +0 shield (melded)
 f - a +0 pair of gloves (melded)
 h - a +0 pair of bracers of archery
Magical devices
 k - a wand of magic darts (2)
Jewellery
 j - a ring of wizardry (melded)
Potions
 e - 3 potions of curing
 i - a potion of heal wounds {unknown}


   Skills:
 + Level 3.6 Fighting
 * Level 3.3 Axes
 - Level 2.4 Armour
 - Level 2.8 Shields
 + Level 0.2 Evocations


You had 3 spell levels left.
You didn't know any spells.

Dungeon Overview and Level Annotations

Branches:
Dungeon (3/27)

Altars:
Vehumet


Innate Abilities, Weirdness & Mutations

((You have razor-sharp teeth.))*
You have supernaturally acute eyesight.
((You can survive without breathing.))*


Message History

The magic dart hits the gnoll.
The gnoll is heavily wounded.
Use which ability? (? or * to list)
You can't do that.
Use which ability? (? or * to list)
You can't do that.
Use which ability? (? or * to list)
You fail to use your ability.
Unknown command.
Use which ability? (? or * to list)
Okay, then.
Use which ability? (? or * to list)
You turn into a vampire bat.
Your +1,+0 hand axe {=f} melds into your body.
Your +0 pair of gloves melds into your body.
Your cursed +0 shield melds into your body.
Your +0 scale mail melds into your body.
Your ring of wizardry melds into your body.
The gnoll hits you from afar with a spear!
You die...

######### # ........# #
........# # ........# #
........# # ........#
.<.....%########### #
......(....)..g.b)# #
........#########>#######
# ######.## #.#.....#
###### #)# ###.#.....#
#..... #.# #.........#
#.#### #.# #.#.####.##
#.# #.# #.#.#
#.#####.#### #g# #.#.#
#........... #.# #.#.#
#######.####


You could see a gnoll.

Vanquished Creatures
  3 adders (D:2)
  3 gnolls (D:2)
  An inept feature mimic (D:2)
  An ooze (D:2)
  A ball python (D:1)
  4 bats
  3 giant cockroaches
  4 hobgoblins
  2 jackals (D:1)
  2 giant geckos (D:2)
  3 giant newts
  3 goblins
  2 kobolds
  6 rats
38 creatures vanquished.

Notes
Turn   | Place    | Note
--------------------------------------------------------------
     0 | D:1      | Malachi, the Vampire Fighter, began the quest for the Orb.
     0 | D:1      | Reached XP level 1. HP: 18/18 MP: 1/1
   375 | D:1      | Reached XP level 2. HP: 24/24 MP: 2/2
  1024 | D:2      | Reached skill level 3 in Fighting
  1298 | D:2      | Reached XP level 3. HP: 26/30 MP: 3/3
  1531 | D:2      | Found a radiant altar of Vehumet.
  1687 | D:2      | Reached XP level 4. HP: 31/36 MP: 4/4
  1759 | D:2      | Slain by a gnoll

Action                   |  1- 3 |  4- 6 || total
-------------------------+-------+-------++-------
Melee: Hand axe          |   157 |    11 ||   168
 Abil: Bat Form          |       |     2 ||     2
       End Transformatio |       |     1 ||     1
Evoke: Wand              |       |     9 ||     9
  Use: Potion            |     1 |       ||     1
       Scroll            |     8 |       ||     8
